 Dungeon Crawl Stone Soup version 0.27-a0-1026-gbab068f60c (webtiles) character file.

Game seed: 17676821947597292571

157 DarkShadow the Covered (level 5, -1/47 HPs)
             Began as a Minotaur Fighter on Apr 18, 2021.
             Slain by a hobgoblin
             ... wielding a +0 club
              (2 damage)
             ... on level 3 of the Dungeon.
             The game lasted 00:03:37 (1859 turns).

DarkShadow the Covered (Minotaur Fighter)           Turns: 1859, Time: 00:03:38

Health: -1/47      AC:  8    Str: 22    XL:     5   Next: 15%
Magic:  4/4        EV:  7    Int:  5    God:
Gold:   114        SH:  9    Dex:  9    Spells: 4/4 levels left

rFire    . . .     SeeInvis .   a - +0 long sword
rCold    . . .     Faith    .   c - +0 kite shield
rNeg     . . .     Spirit   .   b - +0 scale mail
rPois    .         Reflect  .   (helmet restricted)
rElec    .         Harm     .   i - +0 cloak
rCorr    .         Rampage  .   (no gloves)
Will     .....                  (no boots)
Stlth    ..........             (no amulet)
HPRegen  0.15/turn              (no ring)
MPRegen  0.09/turn              (no ring)

@: lethally poisoned (-1 -> -15)
A: horns 2, retaliatory headbutt
a: no special abilities


You were on level 3 of the Dungeon.
You visited 1 branch of the dungeon, and saw 3 of its levels.

You collected 114 gold pieces.

Inventory:

Hand Weapons
 a - a +0 long sword (weapon)
Armour
 b - a +0 scale mail (worn)
 c - a +0 kite shield (worn)
 i - a +0 cloak (worn)
Scrolls
 f - a scroll of enchant weapon {unknown}
 h - a scroll of teleportation
Potions
 d - a potion of might
 e - a potion of brilliance
 g - a potion of attraction
 j - a potion of flight {unknown}


   Skills:
 + Level 4.4 Fighting
 + Level 4.4 Long Blades
 + Level 4.5 Armour
 - Level 0.3 Dodging
 + Level 4.4 Shields


You had 4 spell levels left.
You didn't know any spells.
Your spell library was empty.

Dungeon Overview and Level Annotations

Branches:
Dungeon (3/15)

Altars:


Innate Abilities, Weirdness & Mutations

You have a pair of horns on your head.
You reflexively headbutt those who attack you in melee.


Message History

You feel very sick. You block the hobgoblin's attack.
The kobold brigand hits you with a +2 dagger of venom.
The hobgoblin hits you but does no damage.
The kobold brigand barely misses you.
You barely miss the kobold brigand. You headbutt the kobold brigand.
The kobold brigand is severely wounded.
You feel very sick.
The hobgoblin hits you but does no damage.
The kobold brigand hits you but does no damage.
You are more poisoned.
You hit the kobold brigand but do no damage.
The kobold brigand is severely wounded.
You feel very sick. You block the hobgoblin's attack.
The kobold brigand hits you with a +2 dagger of venom.
You are more poisoned.
The hobgoblin hits you but does no damage.
You barely miss the kobold brigand.
The kobold brigand is severely wounded.
You feel very sick.
The kobold brigand hits you but does no damage.
You are lethally poisoned!
The hobgoblin completely misses you. You furiously retaliate!
You headbutt the hobgoblin, but do no damage.
The kobold brigand hits you with a +2 dagger of venom.
* * * LOW HITPOINT WARNING * * *
You are more poisoned.
You closely miss the kobold brigand.
The kobold brigand is severely wounded.
* * * LOW HITPOINT WARNING * * *
You feel extremely sick. The hobgoblin closely misses you.
You block the kobold brigand's attack. You block the hobgoblin's attack.
You slash the kobold brigand!
You kill the kobold brigand!
* * * LOW HITPOINT WARNING * * *
You feel very sick. The hobgoblin hits you with a +0 club.
You die...

....... .......
....(.. .......
....... ####
....b ..#
#.#.g######.##
#...K@)......#
####
......#######..#
#... ##.#.
#..######.## #
#......)....
#.#######.## #.#
#.# #.# #.# #..
..# ### ###


You could see a hobgoblin, a bat and a kobold.

Vanquished Creatures
  A kobold brigand (D:3)
  Crazy Yiuf (D:2)
  2 adders
  3 gnolls (D:3)
  2 worms (D:2)
  3 dart slugs
  An orc (D:3)
  8 endoplasms
  3 giant cockroaches
  10 hobgoblins
  5 quokkas
  7 ball pythons
  4 bats
  2 frilled lizards
  3 goblins
  8 kobolds
  4 rats (D:2)
  3 toadstools (D:1)
70 creatures vanquished.

Vanquished Creatures (others)
  A fungus (D:2)
  2 plants (D:3)
  A toadstool (D:1)
4 creatures vanquished.

Grand Total: 74 creatures vanquished

Notes
Turn   | Place    | Note
-------+----------+-------------------------------------------
     0 | D:1      | DarkShadow the Minotaur Fighter began the quest for the
                  | Orb.
     0 | D:1      | Reached XP level 1. HP: 19/19 MP: 0/0
   269 | D:1      | Reached XP level 2. HP: 26/27 MP: 1/1
   742 | D:2      | Reached XP level 3. HP: 33/33 MP: 2/2
  1336 | D:2      | Reached XP level 4. HP: 40/40 MP: 3/3
  1409 | D:2      | Found a runed translucent door.
  1410 | D:2      | Noticed Crazy Yiuf
  1414 | D:2      | Killed Crazy Yiuf
  1649 | D:3      | Found a faded altar of an unknown god.
  1755 | D:3      | Reached XP level 5. HP: 39/47 MP: 4/4
  1859 | D:3      | HP: 1/47 [poisoned by a kobold brigand]
  1859 | D:3      | Slain by a hobgoblin

Illustrated notes

Levels and vault maps discovered:
D:1:      ldierk_water_garden, layout_loops_ring
D:2:      layout_loops_ring, uniq_crazy_yiuf_cottage
D:3:      cheibrodos_thug_alley, layout_loops_ring, amcnicky_altar_gilded,
          shapermc_ecumenical_altar_mp_ritualfount

Skill      XL: |  1  2  3  4 |
---------------+-------------+-----
Shields        | 4 |  4.4
Armour         | 4 |  4.5
Fighting       | 4 |  4.4
Long Blades    | 3 4 |  4.4
Dodging        | |  0.3

Action                   |  1- 3 |  4- 6 || total
-------------------------+-------+-------++-------
Melee: Long sword        |    95 |    52 ||   147
       Headbutt          |    17 |     7 ||    24
  Use: Scroll            |       |     3 ||     3
Armor: Scale mail        |    35 |    25 ||    60
Dodge: Dodged            |    32 |    18 ||    50
Block: Kite shield       |    37 |    25 ||    62
       Rpst.: Long sword |    10 |     6 ||    16

Table legend: (Time is in decaauts)
 A = Elapsed time spent in this place.
 B = Non-inter-level travel time spent in this place.
 C = Inter-level travel time spent in this place.
 D = Time resting spent in this place.
 E = Time spent auto-exploring this place.
 F = Levels seen in this place.
 G = Mean time per level.
                   A        B        C        D        E       F      G
               +--------+--------+--------+--------+--------+-----+--------+
         Total |   1924 |   1905 |     19 |     67 |   1393 |   3 |  641.3 |
       Dungeon |   1924 |   1905 |     19 |     67 |   1393 |   3 |  641.3 |
               +--------+--------+--------+--------+--------+-----+--------+

Top non-repeatable levels by time:
     D:2: 752 daAuts
     D:1: 739 daAuts
     D:3: 431 daAuts
